Map: Interloper LE

Players

Ascarecrow - Winner!

  • Race: Zerg Zerg
  • League: Master
  • Spawn Location: 5:00

RunaMoK (Losira)

  • Race: Terran Terran
  • League: Grandmaster
  • Spawn Location: 11:00

VOD

Have the link to the VOD?

Description

Time

  • Played on: Aug. 6, 2017, 7:27 a.m.
  • Length: 11:16
Show
View Real Time Build Order
Export as new Build Order

Ascarecrow Zerg - Winner!

Build Orders: Pool First 

Get SALT Encoding   

  12  0:01  Drone  
  13  0:12  Overlord  
  13  0:17  Drone  
  14  0:31  Drone x2  
  14  0:35  Drone  
  17  0:47  Spawning Pool  
  17  0:48  Drone  
  17  0:56  Drone  
  18  1:14  Hatchery  
  18  1:15  Extractor  
  18  1:17  Drone  
  17  1:20  Drone  
  18  1:29  Drone  
  19  1:41  Roach Warren  
  19  1:42  Queen  
  19  1:46  Zergling x2  
  21  1:51  Drone  
  22  2:01  Overlord  
  22  2:19  Queen  
  22  2:22  Roach x2  
  28  2:26  Roach  
  30  2:32  Queen  
  32  2:38  Drone  
  32  2:40  Drone  
  34  2:44  Overlord  
  34  2:57  Drone x2  
  36  3:02  Lair  
  36  3:07  Drone  
  36  3:08  Overlord  
  37  3:18  Drone x3  
  40  3:25  Drone x2  
  42  3:34  Drone  
  42  3:35  Drone x4  
  42  3:41  Overlord  
  47  3:44  Drone x2  
  49  3:55  Drone x2  
  49  3:56  Drone x2  
  49  3:59  Extractor  
  49  4:00  Extractor  
  50  4:06  Spire  
  50  4:07  Queen  
  51  4:12  Overlord  
  51  4:16  Extractor  
  50  4:18  Roach  
  50  4:21  Drone  
  50  4:22  Drone x4  
  57  4:30  Overlord  
  57  4:31  Overlord  
  57  4:39  Roach  
  57  4:40  Overlord  
  59  4:47  Drone  
  59  4:50  Drone x2  
  59  4:51  Drone  
  63  4:55  Overlord  
  63  4:56  Overlord  
  63  4:57  Evolution Chamber  
  63  4:59  Roach  
  64  5:00  Roach  
  66  5:16  Drone x2  
  68  5:23  Zerg Ground Armor Level 1  
  68  5:26  Corruptor  
  70  5:29  Corruptor  
  70  5:33  Hatchery  
  70  5:34  Overseer  
  70  5:41  Spore Crawler  
  68  5:56  Drone x6  
  71  6:10  Drone  
  72  6:11  Drone x6  
  76  6:26  Evolution Chamber  
  76  6:28  Spore Crawler  
  76  6:29  Drone x3  
  76  6:30  Drone, Glial Reconstitution  
  78  6:33  Corruptor  
  80  6:44  Overlord  
  80  6:45  Overlord  
  80  6:50  Queen  
  80  6:52  Zerg Missile Weapons Level 1  
  84  6:54  Roach x3  
  84  6:57  Overlord  
  84  7:01  Drone x2  
  90  7:03  Drone x2  
  90  7:04  Drone  
  90  7:05  Drone  
  94  7:14  Drone  
  94  7:15  Drone x3  
  98  7:18  Zerg Ground Armor Level 2  
  98  7:22  Roach x2  
  102  7:23  Roach  
  104  7:35  Roach x5  
  114  7:42  Overlord x4  
  114  7:54  Extractor  
  114  7:56  Extractor  
  112  8:03  Drone x3  
  112  8:04  Drone x2  
  112  8:05  Drone, Roach  
  120  8:06  Roach x6  
  132  8:13  Corruptor x2  
  132  8:18  Overlord  
  138  8:20  Roach x3  
  142  8:27  Drone  
  142  8:32  Infestation Pit  
  142  8:36  Roach x3  
  148  8:41  Overseer  
  148  8:43  Hatchery  
  148  8:45  Overlord x2  
  148  8:46  Overlord  
  148  8:47  Roach x3  
  153  9:09  Roach x4  
  171  9:10  Roach x5  
  171  9:12  Ravager x4  
  171  9:13  Ravager x3  
  176  9:17  Roach  
  142  9:31  Roach  
  142  9:32  Roach x8  
  146  9:39  Roach  
  146  9:40  Roach x3  
  140  9:47  Roach x2  
  142  9:55  Queen  
  146  10:00  Roach x4  
  146  10:06  Hydralisk Den  
  151  10:08  Ravager x4, Hatchery  
  151  10:09  Ravager x2  
  156  10:15  Roach x4  
  161  10:31  Roach  
  161  10:32  Roach x7  
Show
View Real Time Build Order
Export as new Build Order

RunaMoK Terran 

Build Orders: Reaper Expand, Mech 

Get SALT Encoding   

  12  0:01  SCV  
  13  0:14  SCV  
  13  0:17  Supply Depot  
  14  0:26  SCV  
  15  0:39  Barracks, SCV  
  16  0:44  Refinery  
  16  0:51  SCV  
  17  1:03  SCV  
  18  1:15  SCV  
  19  1:28  Orbital Command, Reaper  
  20  1:45  Command Center  
  20  1:54  SCV  
  20  1:56  Supply Depot  
  20  2:00  Marine  
  22  2:07  SCV  
  23  2:15  Factory  
  23  2:19  SCV  
  24  2:24  Refinery, Barracks Reactor  
  24  2:36  Bunker  
  24  2:39  SCV  
  25  2:51  SCV  
  26  2:59  Orbital Command  
  26  3:01  Marine  
  26  3:02  Marine  
  28  3:06  Starport  
  28  3:14  Cyclone  
  31  3:23  Marine x2  
  32  3:27  Orbital Command  
  32  3:35  SCV  
  33  3:41  Marine  
  33  3:42  Starport Tech Lab, Marine  
  34  3:57  Supply Depot, SCV x2  
  36  4:04  Banshee, Cloaking Field  
  39  4:12  Hellion  
  39  4:13  Hellion  
  39  4:14  SCV x2  
  45  4:20  Supply Depot  
  45  4:26  SCV x2  
  45  4:28  Barracks Tech Lab  
  45  4:30  Command Center  
  45  4:31  Barracks Reactor  
  47  4:38  SCV x2  
  49  4:48  Hellion x2  
  49  4:49  Refinery  
  49  4:50  Refinery, SCV  
  49  4:51  Banshee  
  57  4:55  SCV  
  58  5:02  SCV  
  58  5:04  Factory  
  59  5:09  SCV  
  60  5:14  SCV  
  60  5:20  Supply Depot  
  60  5:21  Supply Depot, SCV  
  62  5:29  Engineering Bay  
  62  5:32  Armory  
  62  5:41  SCV x2, Widow Mine x2  
  68  5:43  Supply Depot, Viking  
  68  5:45  Orbital Command  
  70  5:55  SCV  
  68  5:59  Missile Turret  
  68  6:01  Missile Turret  
  68  6:02  Missile Turret  
  68  6:11  SCV  
  69  6:16  Widow Mine x2  
  69  6:17  Widow Mine  
  75  6:21  Barracks Reactor, Raven  
  75  6:23  Missile Turret  
  75  6:24  Terran Vehicle Weapons Level 1  
  77  6:29  SCV  
  77  6:30  SCV x2  
  80  6:42  Factory  
  80  6:43  SCV x3  
  83  6:48  Cyclone  
  83  6:49  Cyclone  
  89  6:55  SCV x2  
  92  7:07  Orbital Command, SCV  
  92  7:08  Cyclone x2  
  95  7:13  Supply Depot  
  95  7:15  Supply Depot x2  
  98  7:20  Refinery  
  98  7:24  Refinery  
  98  7:26  Cyclone  
  101  7:35  Cyclone, SCV x3  
  101  7:36  Siege Tank  
  110  7:37  Infernal Pre-Igniter  
  110  7:47  SCV x2  
  110  7:50  Cyclone  
  115  7:51  Cyclone  
  115  7:53  SCV  
  119  7:59  SCV  
  119  8:01  Command Center  
  119  8:02  Supply Depot, SCV  
  119  8:03  Supply Depot  
  119  8:05  SCV  
  122  8:11  SCV  
  125  8:12  Hellion  
  125  8:18  Supply Depot  
  125  8:24  Hellion, SCV x3, Siege Tank  
  133  8:32  Cyclone  
  133  8:33  Cyclone  
  139  8:35  Medivac  
  139  8:40  Medivac, SCV  
  139  8:41  Supply Depot  
  144  8:44  SCV x2  
  146  8:48  Factory  
  146  8:49  Factory  
  146  8:57  Terran Vehicle Weapons Level 2  
  147  9:02  SCV  
  147  9:03  SCV  
  147  9:04  Armory  
  147  9:06  Supply Depot  
  147  9:07  Supply Depot x2  
  147  9:09  Cyclone  
  151  9:10  Cyclone  
  121  9:39  Siege Tank  
  121  9:43  Hellion  
  121  9:44  Cyclone, Hellion x2  
  121  9:46  Factory Tech Lab  
  121  9:49  SCV x2  
  121  9:50  SCV  
  106  9:53  Command Center  
  106  9:57  Viking  
  106  9:58  Viking  
  106  9:59  Factory Tech Lab  
  107  10:05  Hellion, Siege Tank  
  107  10:06  Hellion x2  
  116  10:16  Hellion  
  116  10:17  Refinery  
  116  10:18  Sensor Tower  
  116  10:19  Missile Turret x2  
  116  10:20  Refinery, Siege Tank  
  116  10:21  Hellion  
  121  10:26  Hellion  
  121  10:28  Hellion  
  100  10:37  Widow Mine, Siege Tank  
  100  10:38  Cyclone  
  100  10:42  Siege Tank  
  91  10:50  Hellion  
  91  10:52  Hellion  
Tags
 
Add a new tag
Caveats
  • Supply blocks, unpowered buildings, or Contaminate may cause inaccurate times.
  • Supply counts are checked every 10 seconds.